 Dungeon Crawl Stone Soup version 0.20-a0-553-gbaa0004 (webtiles) character file.

76 useraccount the Charmwright (level 3, 0/30 HPs)
             Began as a Cyno Skald on Feb 5, 2017.
             Killed from afar by an orc wizard (6 damage)
             ... with a puff of flame
             ... on level 3 of the Dungeon.
             The game lasted 00:02:00 (1856 turns).

useraccount the Charmwright (Cyno Skald)            Turns: 1856, Time: 00:02:01

Health: 0/30       AC:  4    Str: 11    XL:     3   Next: 89%
Magic:  0/8        EV: 13    Int: 13    God:
Gold:   136        SH:  0    Dex: 13    Spells: 3/9 levels left

rFire    . . .     SeeInvis .   a - +1 spear
rCold    . . .     Gourm    .   b - +1 leather armour
rNeg     . . .     Faith    .   (no shield)
rPois    .         Spirit   .   (no helmet)
rElec    .         Reflect  .   (no cloak)
rCorr    .         Harm     .   (no gloves)
MR       .....                  (no boots)
Stlth    +.........             (no amulet)
Regen    0.1/turn               (no ring)
                                (no ring)

@: singing (expiring)
A: short attention span, strong nose 1
a: Stop Singing


You were on level 3 of the Dungeon.
You were not hungry.

You visited 1 branch of the dungeon, and saw 3 of its levels.

You collected 136 gold pieces.

Inventory:

Hand Weapons
 a - a +1 spear (weapon)
Armour
 b - a +1 leather armour (worn)
Wands
 n - a wand of disintegration (18/24)
Scrolls
 h - a scroll of teleportation
 l - a scroll of immolation {unknown}
Potions
 e - a potion of brilliance
 g - 2 potions of cure mutation
 i - a potion of berserk rage {unknown}
 j - a potion of mutation {unknown}
 k - a potion of might {unknown}
Books
 c - a book of Battle

   Spells                             Type                      Level
   a - Infusion                       Charms                       1
   b - Shroud of Golubria             Charms/Translocation         2
   c - Song of Slaying                Charms                       2
   d - Spectral Weapon                Hexes/Charms                 3
   e - Regeneration                   Charms/Necromancy            3
Comestibles
 d - a bread ration
 f - 5 chunks of flesh


   Skills:
 + Level 3.6 Fighting
 + Level 3.6 Polearms
 + Level 2.2 Armour
 + Level 3.7 Dodging
 + Level 3.5 Spellcasting
 - Level 4.0 Charms


You had 3 spell levels left.
You knew the following spells:

 Your Spells              Type           Power        Failure   Level  Hunger
a - Infusion              Chrm           ##..         8%          1    #......
b - Song of Slaying       Chrm           ##......     12%         2    ##.....
c - Spectral Weapon       Hex/Chrm       #.......     43%         3    ###....


Dungeon Overview and Level Annotations

Branches:
Dungeon (3/15)

Altars:


Innate Abilities, Weirdness & Mutations

You have a short attention span.
You have a good sense of smell.


Message History

You hit something but do no damage.
Your magical infusion is running out.
You hear some strange, mumbled words.
A magic dart appears from out of thin air!
The magic dart hits you!
You barely miss something. Something hits you but does no damage.
You miss something. Something hits you but does no damage.
You miss something. Something hits you.
You closely miss something. You hit something. Something hits you.
* * * LOW HITPOINT WARNING * * *
You miss something.
You are no longer magically infusing your attacks.
Your song is almost over.
Something hits you but does no damage.
You barely miss something.
You hear some strange, mumbled words.
A puff of flame appears from out of thin air!
The puff of flame hits you!
You die...

#...............
#..(........#..
#..............!
#.##.#......#.$.
#.##รท#.###### .
#.##.#.#
###.##o#.#
#...##{#.#
#.####@#.##
#......)..#
##........#
#........#
#........#
#........#
#........#
#........#
##########


You could see an orc.

Vanquished Creatures
  2 adders (D:2)
  An ooze (D:1)
  2 worms (D:2)
  2 orcs (D:3)
  2 ball pythons
  3 giant cockroaches (D:1)
  5 goblins
  4 hobgoblins
  6 jackals
  4 bats
  2 frilled lizards
  4 kobolds
  7 rats
44 creatures vanquished.

Notes
Turn   | Place    | Note
-------+----------+-------------------------------------------
     0 | D:1      | useraccount the Cyno Skald began the quest for the Orb.
     0 | D:1      | Reached XP level 1. HP: 17/17 MP: 4/4
   321 | D:1      | Reached XP level 2. HP: 24/24 MP: 6/6
  1015 | D:2      | Reached XP level 3. HP: 25/29 MP: 0/7
  1100 | D:2      | Learned a level 2 spell: Song of Slaying
  1104 | D:2      | Learned a level 3 spell: Spectral Weapon
  1856 | D:3      | Killed from afar by an orc wizard

Vault maps used:
D:1:      minmay_arrival_five_plusses
D:3:      nicolae_tso_carved_into_rock

Skill      XL: |  1  2  3 |
---------------+----------+-----
Fighting       | 3 |  3.6
Polearms       | 3 |  3.6
Dodging        | 3 |  3.7
Armour         | 2 |  2.2
Spellcasting   | |  3.5
Charms         | |  4.0

Action                   || total
-------------------------++-------
Melee: Spear             ||   188
 Cast: Infusion          ||     5
       Song of Slaying   ||     2
  Use: Potion            ||     2
       Scroll            ||     9
  Eat: Chunk             ||     3
Armor: Leather armour    ||    48
Dodge: Dodged            ||    92
